 Dungeon Crawl Stone Soup version 0.31-a0-981-geadf994542 (webtiles) character file.

Game seed: 18292324479143647471

179 tilp the Sneak (level 5, -1/38 HPs)
             Began as a Vampire Enchanter on Oct 31, 2023.
             Slain by a black bear (5 damage)
             ... on level 3 of the Dungeon.
             The game lasted 00:04:07 (2539 turns).

tilp the Sneak (Vampire Enchanter)                  Turns: 2539, Time: 00:04:07

Health: -1/38      AC:  2    Str:  7    XL:     5   Next: 32%
Magic:  4/8        EV: 13    Int: 20    God:
Gold:   164        SH:  0    Dex: 14    Spells: 4/9 levels left

rFire   . . .        a - +1 dagger (heavy)
rCold   . . .        (no shield)
rNeg    . . .        b - +0 robe
rPois   .            (no helmet)
rElec   .            (no cloak)
rCorr   .            (no gloves)
SInv    +            (no boots)
Will    .....        k - amulet of the acrobat
Stlth   +++          (no ring)
HPRegen 0.46/turn    (no ring)
MPRegen 0.11/turn

%: acrobat
@: very slightly contaminated, healing quickly, invisible
A: alive, fangs 3, see invisible, vampiric 2
a: Exsanguinate


You were on level 3 of the Dungeon.
You visited 1 branch of the dungeon, and saw 4 of its levels.

You collected 164 gold pieces.

Inventory:

Hand Weapons
 a - a +1 heavy dagger (weapon)
Missiles
 h - 3 boomerangs
 i - 6 poisoned darts (quivered)
Armour
 b - a +0 robe (worn)
Jewellery
 e - a +4 ring of protection
 k - an amulet of the acrobat (around neck)
Scrolls
 f - 2 scrolls of identify
 m - a scroll of vulnerability
Potions
 c - a potion of invisibility
 d - a potion of haste
 g - a potion of lignification


   Skills:
 * Level 2.0 Fighting
 * Level 3.1 Short Blades
 + Level 3.0 Dodging
 + Level 5.2 Stealth
 + Level 2.5 Spellcasting
 + Level 5.0 Hexes


You had 4 spell levels left.
You knew the following spells:

 Your Spells              Type           Power      Damage    Failure   Level
a - Ensorcelled Hibernat  Hex/Ice        24%        N/A       8%          2
b - Confusing Touch       Hex            22%        N/A       5%          3

Your spell library contained the following spells:

 Spells                   Type           Power      Damage    Failure   Level
 Tukima's Dance           Hex            22%        N/A       5%          3
 Dazzling Flash           Conj/Hex       24%        N/A       16%         3


Dungeon Overview and Level Annotations

Branches:
Dungeon (4/15)
 Temple: D:4-7

Altars:


Innate Abilities, Weirdness & Mutations

Your natural rate of healing is accelerated.
You have razor-sharp teeth.
You have supernaturally acute eyesight. (SInv)
You are afflicted with vampirism and can become a bat while bloodless.


Message History

The black bear attacks as it pursues you!
The black bear misses you. x2; The black bear closely misses you.
* * * LOW HITPOINT WARNING * * *
You feel very sick.
Unknown command.
You feel better. The scorpion closely misses you.
Unknown command.
You fade into invisibility!
The scorpion misses you. The scorpion stings you.
* * * LOW HITPOINT WARNING * * *
Unknown command.
You catch the helpless scorpion completely off-guard!
You puncture the scorpion!
The scorpion is almost dead.
The scorpion stings you.
* * * LOW HITPOINT WARNING * * *
You hit the scorpion.
You kill the scorpion!
Your Fighting skill increases to level 2!
Your Short Blades skill increases to level 3!
Your Dodging skill increases to level 3!
Your Hexes skill increases to level 5!
You have reached level 5!
You feel clever.
You hit the black bear.
The black bear is lightly wounded.
The black bear bites you but does no damage.
The black bear closely misses you. x2
You closely miss the black bear.
The black bear is lightly wounded.
The black bear misses you. The black bear claws you.
* * * LOW HITPOINT WARNING * * *
The black bear claws you but does no damage.
The black bear closely misses you. The black bear barely misses you.
The black bear claws you but does no damage.
Unknown command.
You hit the black bear but do no damage.
The black bear is lightly wounded.
The black bear bites you.
You die...

####### ##...####...#.###..##
##...)#..###.##..##
##...#.####.##.##
###...........# ############
#....#.#.##.# #).........#
#.#.[#.#.##.#
#..........####.#..#......#
#..........##....)....#.###
#.........>.h@#...##..#.#
##...........###....#..#.#
##............##..##.#..#.# #
#..###<.######.......#....###
## ##.......#
#.........#....###.
....####.#
#......#..#.##..##. ##### #.#
########....###.... # #.##
##...# ####. ## #..# #..## #.


You could see a black bear (unable to see you).

Vanquished Creatures
  A scorpion (D:3)
  3 adders
  3 dart slugs
  2 worms (D:3)
  5 orcs (D:3)
  4 ball pythons
  3 bats
  5 endoplasms
  6 giant cockroaches
  4 goblins
  11 hobgoblins
  7 jackals
  2 quokkas (D:2)
  4 frilled lizards
  4 kobolds
  3 rats
67 creatures vanquished.

Notes
Turn   | Place    | Note
-------+----------+-------------------------------------------
     0 | D:1      | tilp the Vampire Enchanter began the quest for the Orb.
     0 | D:1      | Reached XP level 1. HP: 13/13 MP: 3/3
    61 | D:1      | Reached XP level 2. HP: 20/20 MP: 5/5
    66 | D:1      | Learned a level 2 spell: Ensorcelled Hibernation
   703 | D:2      | Reached skill level 1 in Fighting
   703 | D:2      | Gained mutation: You are afflicted with vampirism and can
                  | become a bat while bloodless. [Vampire growth]
   703 | D:2      | Reached XP level 3. HP: 26/26 MP: 3/6
  1204 | D:2      | Learned a level 3 spell: Confusing Touch
  1464 | D:2      | Reached XP level 4. HP: 32/32 MP: 7/7
  1571 | D:2      | Found a faded altar of an unknown god.
  2473 | D:4      | Reached skill level 5 in Stealth
  2516 | D:4      | Noticed a black bear
  2516 | D:4      | Noticed a scorpion
  2518 | D:4      | Noticed a scorpion
  2518 | D:4      | Noticed a black bear
  2536 | D:3      | Killed a scorpion
  2537 | D:3      | Reached skill level 5 in Hexes
  2537 | D:3      | Reached XP level 5. HP: 5/38 MP: 4/8
  2539 | D:3      | Slain by a black bear

Illustrated notes

Levels and vault maps discovered:
D:1:      mrwooster_arrival_statue_3, layout_loops_cross
D:2:      layout_loops_ring, hellmonk_ecumenical_altar_leap_of_faith,
          hangedman_decor_push
D:3:      layout_rooms, wad_orctagon
D:4:      layout_cave_pools, minivault_25, minmay_mini_ossuary

Skill      XL: |  1  2  3  4 |
---------------+-------------+-----
Short Blades   | 2 3 |  3.1
Fighting       | 1 2 |  2.0
Stealth        | 5 |  5.2
Dodging        | 3 |  3.0
Hexes          | 5 |  5.0
Spellcasting   | |  2.5

Action                     |  1- 3 |  4- 6 || total
---------------------------+-------+-------++-------
  Melee: Dagger            |    99 |    83 ||   182
         Bite              |     9 |     5 ||    14
   Cast: Ensorcelled Hiber |    14 |    10 ||    24
    Use: Scroll            |     4 |     4 ||     8
         Potion            |       |     4 ||     4
   Stab: Sleeping          |    17 |    11 ||    28
         Invisible         |       |     1 ||     1
 Armour: Robe              |    47 |    40 ||    87
         Skin              |       |     6 ||     6
  Dodge: Dodged            |    46 |    55 ||   101

Table legend: (Time is in decaauts)
 A = Elapsed time spent in this place.
 B = Non-inter-level travel time spent in this place.
 C = Inter-level travel time spent in this place.
 D = Time resting spent in this place.
 E = Time spent auto-exploring this place.
 F = Levels seen in this place.
 G = Mean time per level.
                   A        B        C        D        E       F      G
               +--------+--------+--------+--------+--------+-----+--------+
         Total |   2520 |   2424 |     96 |     97 |   1807 |   4 |  630.0 |
       Dungeon |   2520 |   2424 |     96 |     97 |   1807 |   4 |  630.0 |
               +--------+--------+--------+--------+--------+-----+--------+

Top non-repeatable levels by time:
     D:2: 952 daAuts
     D:3: 815 daAuts
     D:1: 683 daAuts
     D:4: 69 daAuts
